 Dungeon Crawl Stone Soup version 0.26-a0-259-g1effd001a9 (webtiles) character file.

Game seed: 46176071548596737

784 drasked the Cleaver (level 7, 0/57 HPs)
             Began as a Hill Orc Monk on July 24, 2020.
             Slain by an orc warrior
             ... wielding a +0 war axe
              (25 damage)
             ... on level 5 of the Dungeon.
             The game lasted 00:11:48 (6457 turns).

drasked the Cleaver (Hill Orc Monk)                 Turns: 6457, Time: 00:11:48

Health: 0/57       AC:  4    Str: 16    XL:     7   Next: 86%
Magic:  7/7        EV: 16    Int: 10    God:
Gold:   259        SH:  0    Dex: 13    Spells: 6/6 levels left

rFire    + . .     SeeInvis .   a - +0 hand axe
rCold    . . .     Faith    .   (no shield)
rNeg     . . .     Spirit   .   q - +0 leather armour
rPois    .         Reflect  .   v - +0 helmet
rElec    .         Harm     .   (no cloak)
rCorr    .                      (no gloves)
MR       .....                  (no boots)
Stlth    ++........             R - amulet of regeneration {+regen, !d}
HPRegen  0.59/turn              F - ring of protection from fire {rF+, !d}
MPRegen  0.10/turn              d - +4 ring of evasion

@: lightly drained
A: no striking features
a: no special abilities


You were on level 5 of the Dungeon.
You were not hungry.

You visited 1 branch of the dungeon, and saw 5 of its levels.

You collected 259 gold pieces.

Inventory:

Hand Weapons
 a - a +0 hand axe (weapon)
Missiles
 c - 2 atropa-tipped darts
 j - 28 poisoned darts (quivered)
Armour
 q - a +0 leather armour (worn)
   (You found it on level 2 of the Dungeon)
 v - a +0 helmet (worn)
   (You found it on level 4 of the Dungeon)
Jewellery
 d - a +4 ring of evasion (right hand)
   (You found it on level 4 of the Dungeon)
 F - a ring of protection from fire (left hand) {rF+, !d}
   (You found it on level 1 of the Dungeon)
 Q - an uncursed ring of resist corrosion {unknown}
   (You found it on level 5 of the Dungeon)
 R - an amulet of regeneration (around neck) {+regen, !d}
   (You found it on level 2 of the Dungeon)
Scrolls
 g - 2 scrolls of fear
 h - a scroll of enchant armour {unknown}
 i - 4 scrolls of identify
 t - a scroll of teleportation
Potions
 b - a potion of resistance {unknown}
 f - a potion of flight {unknown}
 k - 3 potions of curing {unknown}
 l - a potion of stabbing {unknown}
 m - a potion of might {unknown}
 o - a potion of magic {unknown}
Miscellaneous
 n - a box of beasts
Comestibles
 e - 9 rations


   Skills:
 - Level 3.6(3.5) Fighting
 + Level 11.5 Axes
 - Level 2.4(2.3) Dodging
 - Level 1.5 Stealth


You had 6 spell levels left.
You didn't know any spells.
Your spell library contained the following spells:

 Spells                   Type           Power        Failure   Level
 Shock                    Conj/Air       #...         43%         1
 Swiftness                Chrm/Air       #.......     56%         2
 Static Discharge         Conj/Air       #.......     80%         3
 Airstrike                Air            #.........   99%         4
 Lightning Bolt           Conj/Air       #.........   100%        5


Dungeon Overview and Level Annotations

Branches:
Dungeon (5/15)
 Temple: D:4-7

Altars:
Vehumet
Xom

Annotations:
D:5 4 runed translucent doors


Message History

j - 30 poisoned darts (gained 1)
A wight comes into view. It is wielding a +0 morningstar.
You see here a poisoned dart.
A wight is nearby!
A wight is nearby!
A wight is nearby!
Throwing (i - inventory. (/) - cycle)
j - 30 poisoned darts (quivered)
Aim: a wight, wielding a +0 morningstar and wearing a +0 robe (dormant)
You throw a poisoned dart. The poisoned dart hits the wight.
Throwing (i - inventory. (/) - cycle)
j - 29 poisoned darts (quivered)
Aim: a wight, wielding a +0 morningstar and wearing a +0 robe You throw a poisoned dart.
The poisoned dart hits the wight.
Unknown command.
You hit the wight. You closely miss the wight.
The wight hits you with a +0 morningstar!
You feel drained.
You hit the wight. The wight barely misses you.
You barely miss the wight. You completely miss the wight.
The wight closely misses you.
You hit the wight. The wight completely misses you.
You barely miss the wight. You hit the wight but do no damage.
The wight misses you.
You closely miss the wight. The wight completely misses you.
You slash the wight! You hit the wight.
You destroy the wight!
Things that are here:
a +0 morningstar; a +0 robe
j - 29 poisoned darts (gained 1)
n - a box of beasts You start resting.
Things that are here:
a +0 morningstar; a +0 robe
j - 30 poisoned darts (gained 1)
There is an open door here.
The centaur shouts!
The ogre shouts!
There is a shimmering altar of Xom here.
You open the door.
There is an open door here.
A scorpion comes into view.
The scorpion stings you but does no damage.
A scorpion is nearby!
A scorpion is nearby!
A scorpion is nearby!
You hit the scorpion. The scorpion barely misses you.
You barely miss the scorpion. The scorpion stings you.
You closely miss the scorpion. The scorpion stings you!
You are poisoned.
The scorpion poisons you!
Your leather armour prevents you from hitting the scorpion.
You feel sick.
You hit the scorpion but do no damage. The scorpion closely misses you.
You closely miss the scorpion.
You feel sick. The scorpion closely misses you.
You hit the scorpion. The scorpion barely misses you.
You barely miss the scorpion.
You feel sick.
You hit the scorpion.
The scorpion stings you but does no damage.
You hit the scorpion but do no damage. The scorpion stings you.
You hit the scorpion but do no damage.
You feel sick. The scorpion misses you.
You hit the scorpion.
You kill the scorpion!
You see here a scorpion corpse.
You start resting.
You feel sick. x5
You are no longer poisoned.
You start resting.
An orc warrior comes into view. It is wielding a +0 war axe.
An orc warrior is nearby!
An orc warrior is nearby!
An orc warrior is nearby!
Throwing (i - inventory. (/) - cycle)
j - 30 poisoned darts (quivered)
Aim: an orc warrior, wielding a +0 war axe and wearing a +0 plate armour (asleep)
You throw a poisoned dart. The poisoned dart hits the orc warrior.
The orc warrior is poisoned.
The orc warrior shouts!
Throwing (i - inventory. (/) - cycle)
j - 29 poisoned darts (quivered)
Aim: an orc warrior, wielding a +0 war axe and wearing a +0 plate armour (lightly wounded, poisoned)
You throw a poisoned dart.
The poisoned dart closely misses the orc warrior.
You barely miss the orc warrior.
The orc warrior hits you with a +0 war axe.
You barely miss the orc warrior. You hit the orc warrior.
The orc warrior hits you with a +0 war axe.
You hit the orc warrior. The orc warrior misses you.
You hit the orc warrior but do no damage.
You completely miss the orc warrior.
The orc warrior hits you with a +0 war axe!!
* * * LOW HITPOINT WARNING * * *
You are too injured to fight recklessly!
You are too injured to fight recklessly!
You are too injured to fight recklessly!
You hit the orc warrior but do no damage.
You hit the orc warrior but do no damage.
The orc warrior hits you with a +0 war axe!
* * * LOW HITPOINT WARNING * * *
You barely miss the orc warrior.
The orc warrior looks more healthy.
The orc warrior hits you with a +0 war axe!!
You die...

#...........#..........##.......
####.......()#####.######....[..
#......(...###..##...#.......
#.........................(..
#.........#...#......†.......
#...........#................ ##
#............................
.####..........######..######..##
.#............##@...####....##.#.
..............#.#o##%##.)###.#.#.
.#...#.....##.#.#.(#**#.##[#.#...
.##....#..###.#.###(.*#.#.##.#...
###.####.##...#.#.##)##.##.#.#.(.
..............##†#.######...##...
..............)###'# #'###....
.........#..##.....######........
..#####....####.#.##8?)8##......#


You could see an orc warrior.

Levels and vault maps discovered:
D:1:      dpeg_arrival_radiant, layout_basic, minivault_4
D:2:      layout_rooms, first_ration
D:3:      layout_loops_ring, minivault_24, roderic_malta_cross,
          minmay_crystal_room, grunt_ministairs_3, ashenzari_altar_1,
          uniq_grinder
D:4:      layout_basic, nicolae_overflow_crystal_walls,
          gup_ossuary_entry_pyramid
D:5:      layout_rooms, basic_altar, minmay_hollow_rounded_squares

Notes
Turn   | Place    | Note
-------+----------+-------------------------------------------
     0 | D:1      | drasked the Hill Orc Monk began the quest for the Orb.
     0 | D:1      | Reached XP level 1. HP: 19/19 MP: 1/1
   177 | D:1      | Identified a +0 spear of venom (You found it on level 1 of
                  | the Dungeon)
   309 | D:1      | Identified a cursed -1 whip
   330 | D:1      | Reached XP level 2. HP: 12/26 MP: 2/2
   518 | D:1      | Identified a +0 dagger
   543 | D:1      | Reached skill level 5 in Axes
   706 | D:1      | Identified a +0 short sword
   773 | D:1      | Reached XP level 3. HP: 30/31 MP: 3/3
  1036 | D:1      | Identified a ring of protection from fire (You found it on
                  | level 1 of the Dungeon)
  1071 | D:2      | Identified a +0 club
  1075 | D:2      | Identified a cursed -3 dagger
  1257 | D:1      | Reached skill level 6 in Axes
  1261 | D:1      | HP: 7/31 [poisoned by an adder]
  1268 | D:1      | HP: 5/31 [poisoned by an adder]
  1275 | D:1      | HP: 4/31 [poisoned by an adder]
  1283 | D:1      | HP: 3/31 [poisoned by an adder]
  1563 | D:1      | Identified a +0 hand axe
  1578 | D:2      | Reached XP level 4. HP: 27/39 MP: 4/4
  2128 | D:2      | Identified a +0 club
  2158 | D:2      | HP: 9/39 [quokka (2)]
  2594 | D:2      | Reached skill level 7 in Axes
  3044 | D:2      | Identified a +1 short sword of speed
  3142 | D:2      | Identified a +0 leather armour (You found it on level 2 of
                  | the Dungeon)
  3182 | D:2      | Reached XP level 5. HP: 32/45 MP: 5/5
  3458 | D:3      | Identified a +2 dagger of protection
  3706 | D:3      | You fall into a shaft and drop 2 floors!
  3706 | D:5      | Entered Level 5 of the Dungeon
  3715 | D:5      | Found a large runed translucent door.
  3715 | D:5      | Found a large runed translucent door.
  3715 | D:5      | Identified a +0 giant spiked club
  3715 | D:5      | Noticed an ogre
  3715 | D:5      | Identified a +0 shortbow
  3715 | D:5      | Noticed a centaur
  3737 | D:5      | Found a shimmering altar of Xom.
  3766 | D:5      | Reached skill level 8 in Axes
  3827 | D:5      | Identified a +0 halberd
  3829 | D:5      | Identified a +0 club
  3954 | D:4      | Identified a +0 giant club
  3954 | D:4      | Noticed an ogre
  3973 | D:4      | Killed an ogre
  3973 | D:4      | Reached XP level 6. HP: 19/51 MP: 6/6
  4172 | D:4      | Found a radiant altar of Vehumet.
  4315 | D:4      | Reached skill level 9 in Axes
  4827 | D:4      | Identified a +0 helmet (You found it on level 4 of the
                  | Dungeon)
  5253 | D:4      | Identified a +0 giant club
  5264 | D:4      | HP: 11/51 [ogre/+0 giant club (17)]
  5610 | D:5      | Identified a +0 mace
  5610 | D:5      | Identified a +0 hand axe
  5610 | D:5      | Identified a +0 leather armour
  5610 | D:5      | Identified a +0 hand axe
  5610 | D:5      | Identified a +0 ring mail
  5610 | D:5      | Identified a +0 dagger
  5610 | D:5      | Identified a cursed +0 robe
  5692 | D:5      | Identified a ring of evasion (You found it on level 4 of
                  | the Dungeon)
  5694 | D:5      | Identified a ring of magical power (You found it on level 3
                  | of the Dungeon)
  5696 | D:5      | Identified a ring of teleportation (You found it on level 5
                  | of the Dungeon)
  5697 | D:5      | Identified 3 scrolls of fear
  5698 | D:5      | Identified 5 scrolls of identify
  5698 | D:5      | Identified an amulet of regeneration (You found it on level
                  | 2 of the Dungeon)
  5699 | D:5      | Identified a scroll of fog
  5700 | D:5      | Identified a scroll of magic mapping
  5701 | D:5      | Identified a scroll of teleportation
  5704 | D:4      | Identified a scroll of remove curse
  5762 | D:4      | HP: 10/51 [gnoll/+0 halberd (5)]
  5906 | D:5      | Identified a +0 ring mail
  5922 | D:5      | Reached skill level 10 in Axes
  5927 | D:5      | Reached XP level 7. HP: 51/57 MP: 7/7
  5976 | D:5      | Found a large runed translucent door.
  5976 | D:5      | Found a large runed translucent door.
  6058 | D:5      | Identified a cursed -2 shortbow
  6262 | D:5      | Reached skill level 11 in Axes
  6321 | D:5      | Identified a +0 morningstar
  6321 | D:5      | Identified a +0 robe
  6446 | D:5      | Identified a +0 war axe
  6446 | D:5      | Identified a +0 plate armour
  6457 | D:5      | Slain by an orc warrior

Table legend:
 A = Turns spent in this place as a percentage of turns spent in the entire game.
 B = Non-inter-level travel turns spent in this place as a percentage of non-inter-level travel turns spent in the entire game.
 C = Inter-level travel turns spent in this place as a percentage of turns spent in this place.
 D = Turns resting spent in this place as a percentage of non-inter-level travel turns spent in this place.
 E = Turns spent auto-exploring this place as a percentage of non-inter-level travel turns spent in this place.
 F = Non-inter-level travel turns spent in this place divided by the number of levels of this place that you've seen.
                   A       B       C       D       E      F
               +-------+-------+-------+-------+-------+----------------------
         Total | 100.0 | 100.0 |   4.4 |  43.9 |  33.1 | 1234.4
       Dungeon | 100.0 | 100.0 |   4.4 |  43.9 |  33.1 | 1234.4
               +-------+-------+-------+-------+-------+----------------------

Table legend:
 A = Kills in this place as a percentage of kills in entire the game.
 B = Kills by you in this place as a percentage of kills by you in the entire game.
 C = Kills by friends in this place as a percentage of kills by friends in the entire game.
 D = Other kills in this place as a percentage of other kills in the entire game.
 E = Experience gained in this place as a percentage of experience gained in the entire game.
 F = Experience gained in this place divided by the number of levels of this place that you have seen.
                   A       B       C       D       E      F
               +-------+-------+-------+-------+-------+----------------------
         Total | 100.0 | 100.0 |   N/A |   N/A | 100.0 | 224.0
       Dungeon | 100.0 | 100.0 |   N/A |   N/A | 100.0 | 224.0
               +-------+-------+-------+-------+-------+----------------------

Skill      XL: |  1  2  3  4  5  6  7 |
---------------+----------------------+-----
Axes           | 5 6 7 8 10 11 | 11.5
Fighting       | |  3.6
Dodging        | |  2.4
Stealth        | |  1.5

Action                   |  1- 3 |  4- 6 |  7- 9 || total
-------------------------+-------+-------+-------++-------
Melee: Spear             |    59 |    57 |       ||   116
       Hand axe          |    21 |   216 |    91 ||   328
Throw: Stone             |    55 |    58 |       ||   113
       Dart              |       |    27 |    21 ||    48
  Use: Scroll            |       |     6 |       ||     6
 Stab: Sleeping          |       |     2 |       ||     2
  Eat: Ration            |     1 |     4 |       ||     5
Armor: Robe              |    11 |     7 |       ||    18
       Leather armour    |       |    35 |     9 ||    44
Dodge: Dodged            |    51 |   169 |    47 ||   267

Vanquished Creatures
  2 ogres (D:4)
  A centaur (D:5)
  3 scorpions (D:5)
  A wight (D:5)
  A bullfrog zombie (D:5)
  A quasit (D:3)
  An orc wizard (D:5)
  A worker ant (D:4)
  A mummy (D:4)
  9 adders
  3 gnolls
  An ooze (D:1)
  An adder skeleton (D:4)
  6 worms
  3 dart slugs
  A leopard gecko (D:4)
  3 orcs (D:5)
  5 bats
  8 giant cockroaches
  6 hobgoblins
  7 jackals
  5 quokkas
  5 frilled lizards
  3 goblins (D:1)
  A jackal zombie (D:5)
  6 kobolds
  A leopard gecko skeleton (D:5)
  A quokka skeleton (D:4)
  6 rats
93 creatures vanquished.
